 Dungeon Crawl Stone Soup version 0.24-a0-203-gf0bc1e9 (webtiles) character file.

Game seed: 3431524305614487706

3707 Borgoz the Cutter (level 10, -4/60 HPs)
             Began as a Kobold Gladiator on Mar 26, 2019.
             Was an Initiate of Ashenzari.
             Slain by a two-headed ogre
             ... wielding a +0 giant club
              (15 damage)
             ... on level 7 of the Dungeon.
             The game lasted 00:17:35 (8123 turns).

Borgoz the Cutter (Kobold Gladiator)                Turns: 8123, Time: 00:17:36

Health: -4/60      AC: 14    Str: 14    XL:     10   Next: 36%
Magic:  17/17      EV: 12    Int:  9    God:    Ashenzari [......]
Gold:   492        SH:  0    Dex: 18    Spells: 14/18 levels left

rFire    . . .     SeeInvis .   o - +3 dagger (elec) (curse)
rCold    . . .     Gourm    .   (shield restricted)
rNeg     + . .     Faith    .   k - +0 chain mail {rN+}
rPois    .         Spirit   .   c - +0 helmet
rElec    .         Reflect  .   (no cloak)
rCorr    .         Harm     .   e - +2 pair of gloves
MR       .....                  t - +0 pair of boots
Stlth    +.........             j - amulet of rage (curse)
HPRegen  0.20/turn              (no ring)
MPRegen  0.15/turn              (no ring)

@: berserk cooldown, slowed, very slow
A: small, carnivore
a: Curse Item, Renounce Religion, Evoke Berserk Rage


You were on level 7 of the Dungeon.
You worshipped Ashenzari.
Ashenzari was noncommittal.
You were full.

You visited 2 branches of the dungeon, and saw 8 of its levels.
You also visited: Sewer.

You collected 492 gold pieces.

Inventory:

Hand Weapons
 a - a +1 rapier
 o - a cursed +3 dagger of electrocution (weapon)
 x - a +1 short sword of venom
Missiles
 d - 3 throwing nets (quivered)
 l - 6 tomahawks
 v - 4 tomahawks of returning
Armour
 c - a +0 helmet (worn)
 e - a +2 pair of gloves (worn)
 k - a +0 chain mail of positive energy (worn)
 t - a +0 pair of boots (worn)
Jewellery
 j - a cursed amulet of rage (around neck)
Wands
 w - a wand of polymorph (8)
Scrolls
 g - a scroll of enchant armour {unknown}
 h - 2 scrolls of fog
 i - 2 scrolls of remove curse
 n - a scroll of blinking {unknown}
 p - 4 scrolls of teleportation
 q - a scroll of fear
Potions
 b - a potion of berserk rage
 m - a potion of cancellation
 s - 2 potions of flight
 z - 3 potions of lignification
 A - a potion of heal wounds
Comestibles
 f - 13 rations


   Skills:
 + Level 6.0 Fighting
 + Level 7.8 Short Blades
 - Level 2.2 Throwing
 + Level 4.0 Armour
 + Level 7.1 Dodging
 + Level 7.1 Stealth
 + Level 4.8 Spellcasting
 + Level 4.5 Hexes
 + Level 5.6 Evocations


You had 14 spell levels left.
You knew the following spells:

 Your Spells              Type           Power        Failure   Level  Hunger
a - Confusing Touch       Hex            ##....       65%         1    #......
b - Confuse               Hex            ##......     95%         3    ###....

Your spell library contained the following spells:

 Spells                   Type           Power        Failure   Level  Hunger
 Gell's Gravitas          Tloc           #.........   100%        3    ###....
 Petrify                  Tmut/Erth      #.......     100%        4    #####..
 Metabolic Englaciation   Hex/Ice        #.........   100%        5    ######.
 Yara's Violent Unravell  Hex/Tmut       #.........   100%        5    ######.


Dungeon Overview and Level Annotations

Branches:
Dungeon (7/15)             Temple (1/1) D:6

Altars:
Ashenzari
Cheibriados
Dithmenos
Elyvilon
Fedhas
Gozag
Hepliaklqana
Kikubaaqudgha
Makhleb
Nemelex Xobeh
Okawaru
Qazlal
Ru
Sif Muna
Trog
Uskayaw
Vehumet
Wu Jian
Xom
Yredelemnul
Zin
The Shining One


Innate Abilities, Weirdness & Mutations

You are small and have problems with some larger weapons.
You are carnivorous and can eat meat at any time.


Message History

The yak gores you but does no damage.
Things that are here:
5 large rocks; a cyclops corpse You closely miss the yak.
You closely miss the yak.
You are no longer berserk.
You are exhausted.
You feel yourself slow down. The yak gores you!
* * * LOW HITPOINT WARNING * * *
You hit the yak but do no damage. Lightning courses through the yak!!
The yak is heavily wounded.
A two-headed ogre comes into view. It is wielding two +0 giant clubs.
The yak gores you!
* * * LOW HITPOINT WARNING * * *
You hit the yak but do no damage.
The yak is heavily wounded.
The yak gores you but does no damage.
The two-headed ogre hits you but does no damage.
The two-headed ogre hits you with a +0 giant club!
You die...

..##..####.##.#.#.#.#.###.#.# #.
..######..#.#.#.#.#.#.#..##(# #.
..####....###.#.#.#.##.####.# #.
..##..........#.#.#.#### #.# #.
#.####....###.#.##.## #.# #.
#....###..#.#.#.##### #.####.
##.#...###.##.### #.# #.#....
#..###...###..####.# #...###
#.#####....###'=@OY# #...#
.........#...#####.# #...###
...........#....###.# #...##.
..........#####...### #.#.##.
..........#######...### #.#.##.
..................#...#####.#)##.
....#####.###.#.####........#..#.
............#.#...............##.
......###.#.#.#.....############.


You could see a two-headed ogre and a yak.

Vanquished Creatures
  A cyclops (D:7)
  A slime creature (D:7)
  Sigmund (D:5)
  A water moccasin (D:6)
  2 ice beasts
  A phantom (D:6)
  A black bear (D:4)
  3 ogres (D:7)
  3 centaurs
  A big kobold (D:7)
  6 bullfrogs
  5 scorpions
  7 crimson imps
  2 bullfrog zombies (D:6)
  A quasit (D:7)
  2 orc priests (D:6)
  4 jellies
  4 orc wizards
  4 hounds
  A gnoll shaman (D:4)
  Jessica (D:2)
  An iguana (D:7)
  3 worker ants
  A hound zombie (D:7)
  2 howler monkey skeletons
  A worker ant zombie (D:7)
  5 gnolls (D:4)
  14 adders
  2 shadow imps
  11 oozes
  A dart slug (D:1)
  18 leopard geckos
  18 orcs
  9 bats
  14 giant cockroaches
  6 hobgoblins
  9 jackals
  8 kobolds
  3 quokkas
  10 ball pythons
  21 frilled lizards
  3 goblins
  A leopard gecko zombie (D:7)
  7 rats
220 creatures vanquished.

Notes
Turn   | Place    | Note
-------+----------+-------------------------------------------
     0 | D:1      | Borgoz the Kobold Gladiator began the quest for the Orb.
     0 | D:1      | Reached XP level 1. HP: 12/12 MP: 1/1
   314 | D:1      | Reached XP level 2. HP: 16/17 MP: 2/2
   389 | D:1      | Reached skill level 1 in Stealth
   494 | D:1      | Reached XP level 3. HP: 20/22 MP: 3/3
  1084 | D:2      | Found a faded altar of an unknown god.
  1166 | D:2      | Found a snail-covered altar of Cheibriados.
  1169 | D:2      | Found a burning altar of Makhleb.
  1169 | D:2      | Found an opulent altar of Gozag.
  1175 | D:2      | Found a hazy altar of Hepliaklqana.
  1192 | D:2      | Noticed Jessica
  1204 | D:2      | Reached skill level 1 in Spellcasting
  1204 | D:2      | Reached XP level 4. HP: 27/27 MP: 5/5
  1212 | D:2      | Reached skill level 1 in Armour
  1213 | D:2      | Killed Jessica
  1213 | D:2      | Reached skill level 1 in Evocations
  1213 | D:2      | Reached XP level 5. HP: 32/32 MP: 6/6
  1542 | D:3      | Learned a level 1 spell: Confusing Touch
  1546 | D:3      | Learned a level 3 spell: Confuse
  1623 | D:3      | Found a glowing golden altar of the Shining One.
  1952 | D:3      | Found a bloodstained altar of Trog.
  2406 | D:4      | Reached XP level 6. HP: 17/37 MP: 8/8
  2679 | D:4      | Noticed a black bear
  2690 | D:4      | Killed a black bear
  2690 | D:4      | Reached skill level 5 in Short Blades
  2754 | D:4      | Reached skill level 1 in Hexes
  2936 | D:4      | Reached XP level 7. HP: 41/41 MP: 10/10
  3605 | D:5      | Entered Level 5 of the Dungeon
  3745 | D:5      | Reached skill level 5 in Dodging
  3869 | D:5      | Noticed Sigmund
  3893 | D:5      | Killed Sigmund
  3893 | D:5      | Reached XP level 8. HP: 38/48 MP: 10/12
  3895 | D:5      | Found a glowing drain.
  3915 | Sewer    | Entered a sewer
  5325 | D:6      | Reached XP level 9. HP: 50/52 MP: 14/14
  5498 | D:6      | Reached skill level 5 in Stealth
  5710 | D:6      | Found a staircase to the Ecumenical Temple.
  5741 | D:6      | Found a blossoming altar of Fedhas.
  5853 | Temple   | Entered the Ecumenical Temple
  5948 | Temple   | Became a worshipper of Ashenzari the Shackled
  6052 | D:6      | Reached skill level 5 in Fighting
  6761 | D:7      | Found a burning altar of Makhleb.
  6796 | D:7      | Noticed a slime creature
  7327 | D:7      | Reached XP level 10. HP: 48/59 MP: 16/16
  7331 | D:7      | Reached skill level 5 in Evocations
  8087 | D:7      | Identified the cursed ring of the Will of the Gods {Str-2
                  | Slay+3 Stlth+}
  8088 | D:7      | Noticed a cyclops
  8104 | D:7      | Killed a cyclops
  8121 | D:7      | Noticed a two-headed ogre
  8123 | D:7      | Slain by a two-headed ogre

Levels and vault maps discovered:
D:1:      dpeg_arrival_central, layout_loops_ring
D:2:      layout_rooms, minitemple, first_ration,
          chequers_ecumenical_altar_simple, uniq_jessica
D:3:      layout_loops_ring, lightli_temple_of_fire,
          nicolae_tso_swordbearing_angel
D:4:      layout_loops_corners
D:5:      layout_basic, cheibrodos_sewer_entry_sluice, uniq_sigmund
D:6:      layout_loops_cross, fedhas_altar_4, temple_hall
D:7:      minmay_the_grid_triangle_9x9_rhombus_full
          [minmay_the_grid_triangle_9x9_negative_grid,
          minmay_the_grid_triangle_9x9_shrine,
          minmay_the_grid_triangle_9x9_sparse_checkered,
          minmay_the_grid_triangle_9x9_odd_lines,
          minmay_the_grid_triangle_9x9_wacky_v,
          minmay_the_grid_triangle_9x9_warning,
          minmay_the_grid_triangle_9x9_impossible_snake,
          minmay_the_grid_triangle_9x9_prize_special], layout_basic
Temple:   eino_temple_rhombus
Sewer:    sewer_frog_island_02

Skill      XL: |  1  2  3  4  5  6  7  8  9 10 |
---------------+-------------------------------+-----
Stealth        | 1 2 3 4 6 7 |  7.1
Dodging        | 4 5 6 7 |  7.1
Spellcasting   | 1 2 3 4 |  4.8
Armour         | 1 2 3 4 |  4.0
Evocations     | 1 2 3 4 5 |  5.6
Fighting       | 3 4 5 6 |  6.0
Short Blades   | 5 6 7 |  7.8
Hexes          | 1 2 4 |  4.5
Throwing       | |  2.2

Action                   |  1- 3 |  4- 6 |  7- 9 | 10-12 || total
-------------------------+-------+-------+-------+-------++-------
Melee: Rapier            |   106 |   145 |    79 |       ||   330
       Dagger            |       |       |   500 |    78 ||   578
Throw: Throwing net      |       |       |     1 |       ||     1
Invok: Curse Item        |       |       |     2 |       ||     2
 Abil: Evoke Berserk Rag |     1 |     3 |     4 |     2 ||    10
  Use: Scroll            |     1 |    13 |     5 |     1 ||    20
       Potion            |     1 |     1 |     2 |     1 ||     5
 Stab: Sleeping          |     5 |       |       |       ||     5
       Held in net/web   |       |       |     1 |       ||     1
  Eat: Chunk             |     9 |     5 |    23 |     1 ||    38
Armor: Leather armour    |    16 |       |       |       ||    16
       Chain mail        |    16 |    60 |   285 |    23 ||   384
Dodge: Dodged            |    89 |    92 |   285 |    36 ||   502

Table legend:
 A = Non-vault XP
 B = Vault XP
 C = Vault XP percentage of total XP
 D = Non-vault monster count
 E = Vault monster count
 F = Vault count percentage of total count
                 A         B        C        D         E       F
            +---------+---------+-------+---------+---------+-------
      Total |    2976 |    2321 |  43.8 |     134 |      86 |  39.1
            +---------+---------+-------+---------+---------+-------
        D:1 |      44 |       0 |   0.0 |      24 |       0 |   0.0
        D:2 |      68 |      37 |  35.2 |      20 |       1 |   4.8
        D:3 |      52 |       0 |   0.0 |      13 |       0 |   0.0
        D:4 |     410 |       0 |   0.0 |      18 |       0 |   0.0
        D:5 |     446 |     235 |  34.5 |      17 |       4 |  19.0
        D:6 |    1016 |       0 |   0.0 |      20 |       0 |   0.0
        D:7 |     940 |    1650 |  63.7 |      22 |      18 |  45.0
      Sewer |       0 |     399 | 100.0 |       0 |      63 | 100.0
            +---------+---------+-------+---------+---------+-------
